 Dungeon Crawl Stone Soup version 0.17-a0-1910-g4c791fa (webtiles) character file.

296 dpvblackbelt the Twirler (level 6, -19/52 HPs)
             Began as a Deep Dwarf Gladiator on Sept 25, 2015.
             Was an Initiate of Ru.
             Demolished by Duffy's ghost (37 damage)
             ... on level 4 of the Dungeon.
             The game lasted 00:08:38 (1700 turns).

dpvblackbelt the Twirler (Deep Dwarf Gladiator)     Turns: 1700, Time: 00:08:38

Health: -19/52     AC: 11    Str: 18    XL:     6   Next: 12%
Magic:  6/6        EV: 13    Int:  9    God:    Ru [......]
Gold:   140        SH:  0    Dex: 15    Spells: 0 memorised, 5 levels left

rFire  . . .     SeeInvis .     a - +0 quarterstaff
rCold  . . .     Clarity  +     b - +0 leather armour
rNeg   . . .     SustAt   .     (no shield)
rPois  .         Gourm    .     c - +0 helmet
rElec  .         Spirit   .     (no cloak)
rCorr  .         Warding  .     n - +0 pair of gloves
rMut   .         Stasis   .     s - +0 pair of boots
MR     .....                    z - amulet of clarity {Clar, !d}
Stlth  ..........               u - ring of flight {+Fly, !d}
                                t - +5 ring of protection

@: non-regenerating, not resistant to hostile enchantments, extremely unstealthy
A: damage resistance, recharge devices, sense surroundings 1, slow healing 3, no
stealth
a: Device Recharging, Renounce Religion, Evoke Flight


You were on level 4 of the Dungeon.
You worshipped Ru.
Ru was noncommittal.
You were near starving.

You visited 1 branch of the dungeon, and saw 4 of its levels.

You collected 140 gold pieces.

Inventory:

Hand weapons
 a - a +0 quarterstaff (weapon)
Missiles
 d - 3 throwing nets {=f, !d}
Armour
 b - a +0 leather armour (worn)
 c - a +0 helmet (worn)
 n - a +0 pair of gloves (worn)
   (You found it on level 2 of the Dungeon)
 s - a +0 pair of boots (worn)
   (You found it on level 2 of the Dungeon)
Jewellery
 t - a +5 ring of protection (left hand)
   (You found it on level 3 of the Dungeon)
 u - a ring of flight (right hand) {+Fly, !d}
   (You found it on level 3 of the Dungeon)
 z - an amulet of clarity (around neck) {Clar, !d}
   (You found it on level 4 of the Dungeon)
Magical devices
 e - a wand of heal wounds (1)
 q - a wand of slowing (12)
   (You found it on level 2 of the Dungeon)
Scrolls
 h - 3 scrolls of identify {unknown}
 i - 4 scrolls of magic mapping {unknown}
 j - a scroll of teleportation {unknown}
 p - a scroll of noise {unknown}
 r - a scroll of amnesia {unknown}
 v - 2 scrolls of enchant armour {unknown}
 x - a scroll of fog {unknown}
 y - a scroll of fear {unknown}
Potions
 g - a potion of cancellation {unknown}
 k - a potion of lignification {unknown}
 l - a potion of curing {unknown}
 m - 2 potions of resistance {unknown}
 o - 3 potions of heal wounds {unknown}
 w - a potion of brilliance {unknown}
Comestibles
 f - 3 bread rations {@e1@e1}


   Skills:
 - Level 1.7 Fighting
 + Level 6.3 Staves
 - Level 1.7 Throwing
 - Level 3.2 Dodging


You had 5 spell levels left.
You didn't know any spells.

Dungeon Overview and Level Annotations

Branches:
Dungeon (4/15)
 Temple: D:4-7

Altars:
Okawaru
Ru
Vehumet
Zin

Annotations:
D:4 Duffy's ghost, experienced OgWr


Innate Abilities, Weirdness & Mutations

You are resistant to damage.
You can recharge devices by infusing magical energy.
You passively map a small area around you.
You do not heal naturally.
You cannot be stealthy.


Message History

A giant newt comes into view.
A giant newt is nearby!
A giant newt is nearby!
The giant newt barely misses you.
You hit the giant newt.
You kill the giant newt!
You have reached level 6!
Your experience leads to an increase in your attributes!
Increase (S)trength, (I)ntelligence, or (D)exterity?
You feel agile.
You regained 4 hp, and now have 33/52 hp.
MP restored: 6 A quokka comes into view.
You are near starving!
An orc comes into view. It is wielding a dagger.
The orc shouts!
You hit the orc. You sock the orc!
You kill the orc!
You sock the quokka!
You kill the quokka!
No target in view!
Found an escape hatch in the floor.
A worm comes into view.
Found an escape hatch in the ceiling.
A worm is nearby!
A worm is nearby!
A worm is nearby!
The worm closely misses you.
You sock the worm! The worm barely misses you.
You sock the worm! You sock the worm!
You kill the worm!
No target in view!
There is an escape hatch in the ceiling here.
i - 4 scrolls labeled XOEBRU EMOAVEA (gained 3)
A worker ant comes into view.
The worker ant twitches its antennae in your direction.
A worker ant is nearby!
A worker ant is nearby!
A worker ant is nearby!
You barely miss the worker ant. The worker ant misses you.
You sock the worker ant!
The worker ant bites you but does no damage.
You hit the worker ant but do no damage.
The worker ant barely misses you.
You hit the worker ant. The worker ant bites you.
You take 2 damage, and have 31/52 hp.
You are too injured to fight recklessly!
You are too injured to fight recklessly!
You are too injured to fight recklessly!
You are too injured to fight recklessly!
You are too injured to fight recklessly!
You are too injured to fight recklessly!
You closely miss the worker ant. The worker ant closely misses you.
The worker ant bites you.
You take 3 damage, and have 28/52 hp.
You barely miss the worker ant. The worker ant barely misses you.
You barely miss the worker ant. The worker ant barely misses you.
You closely miss the worker ant. The worker ant bites you.
You take 1 damage, and have 27/52 hp.
Your leather armour prevents you from hitting the worker ant.
The worker ant bites you but does no damage.
You closely miss the worker ant. The worker ant barely misses you.
You completely miss the worker ant.
The worker ant bites you but does no damage.
The worker ant bites you.
You are poisoned.
The worker ant poisons you!
You take 1 damage, and have 26/52 hp.
You hit the worker ant. The worker ant barely misses you.
You hit the worker ant but do no damage.
The worker ant barely misses you.
You closely miss the worker ant. The worker ant bites you.
You barely miss the worker ant.
The worker ant bites you but does no damage.
You sock the worker ant!
You kill the worker ant!
Duffy's ghost (experienced Ogre Warper) comes into view.
Duffy's ghost turns its malevolent gaze towards you.
Found a radiant altar of Vehumet.
You hit Duffy's ghost. Duffy's ghost hits you!
* * * LOW HITPOINT WARNING * * *
You take 14 damage, and have 12/52 hp.
MASSIVE DAMAGE!!
Drink which item? (? for menu, Esc to quit)
Okay, then.
You feel much better.
This wand has 1 charge left.
Duffy's ghost hits you!!
You regained 6 hp, and now have 18/52 hp.
You sock Duffy's ghost! Duffy's ghost barely misses you.
You barely miss Duffy's ghost.
You are no longer poisoned.
Duffy's ghost hits you but does no damage.
Your leather armour prevents you from hitting Duffy's ghost.
Duffy's ghost barely misses you.
You closely miss Duffy's ghost. Duffy's ghost closely misses you.
You barely miss Duffy's ghost. Duffy's ghost barely misses you.
You barely miss Duffy's ghost. Duffy's ghost hits you!!!
Ouch! That really hurt!
You die...

######..#######.#####
#.................
#.................#####
######.########........ #.
#.########...#####
###.######............# #
#...........#########.# #
#.........W.#.....,,#.# #
#.........@....._. #.#####
#...........#..... ,#..#...
#......>....#########..#.##
#.#....................#.##
#.#.(.......####...........
#....<....#.# ###...)....
#....†......# #.#.#####
#..####.##### #........
#..####.# #########


You could see Duffy's ghost.

Vanquished Creatures
  An ogre (D:4)
  A hound (D:4)
  A giant frog skeleton (D:4)
  A worker ant (D:4)
  7 adders
  An ooze (D:4)
  6 worms
  A giant gecko (D:2)
  An orc (D:4)
  A ball python (D:4)
  2 bats (D:3)
  A bat skeleton (D:2)
  2 giant cockroaches
  5 goblins
  6 hobgoblins
  2 jackals (D:4)
  A quokka (D:4)
  A giant newt (D:4)
  A jackal zombie (D:2)
  4 kobolds
  A quokka skeleton (D:4)
  6 rats
53 creatures vanquished.

Notes
Turn   | Place    | Note
--------------------------------------------------------------
     0 | D:1      | dpvblackbelt the Deep Dwarf Gladiator began the quest for the Orb.
     0 | D:1      | Reached XP level 1. HP: 19/19 MP: 1/1
    28 | D:1      | Reached skill level 3 in Staves
   150 | D:1      | Reached XP level 2. HP: 26/26 MP: 2/2
   439 | D:2      | Found a sacrificial altar of Ru.
   465 | D:2      | Became a worshipper of Ru the Awakened
   693 | D:2      | Reached XP level 3. HP: 9/32 MP: 3/3
   867 | D:2      | Found a glowing silver altar of Zin.
   926 | D:3      | Reached skill level 4 in Staves
  1090 | D:3      | Reached XP level 4. HP: 39/39 MP: 4/4
  1295 | D:4      | Noticed an ogre
  1306 | D:4      | Killed an ogre
  1306 | D:4      | Reached skill level 5 in Staves
  1306 | D:4      | Reached XP level 5. HP: 42/45 MP: 5/5
  1316 | D:4      | Gained mutation: You cannot be stealthy. [Ru sacrifice]
  1476 | D:4      | Reached skill level 6 in Staves
  1547 | D:4      | Found an iron altar of Okawaru.
  1607 | D:4      | Reached XP level 6. HP: 33/52 MP: 6/6
  1690 | D:4      | Noticed Duffy's ghost (experienced OgWr)
  1691 | D:4      | Found a radiant altar of Vehumet.
  1693 | D:4      | HP: 12/52 [Duffy's ghost (14)]
  1700 | D:4      | Demolished by Duffy's ghost

Vault maps used:
D:1:      dpeg_arrival_morbid_curiosity, serial_forest,
          infiniplex_forest_lined_room_, infiniplex_forest_clump_medium,
          infiniplex_forest_end_3, infiniplex_forest_clump_small,
          infiniplex_forest_pool, infiniplex_forest_fountain,
          infiniplex_forest_lined_ring, minmay_misc_feat_four_crosses
D:2:      zin_statuary, hangedman_ru_absence, serial_undead, serial_undead_f,
          serial_undead_d, serial_undead_d, serial_undead_f
D:3:      first_bread
D:4:      vehumet_statue, okawaru_trees_1

Action                   |  1- 3 |  4- 6 || total
-------------------------+-------+-------++-------
Melee: Quarterstaff      |   102 |    90 ||   192
Invok: Sacrifice Stealth |       |     1 ||     1
Evoke: Wand              |     3 |     1 ||     4
  Eat: Chunk             |     1 |       ||     1

Vault maps used:
D:1:      dpeg_arrival_morbid_curiosity, serial_forest,
          infiniplex_forest_lined_room_, infiniplex_forest_clump_medium,
          infiniplex_forest_end_3, infiniplex_forest_clump_small,
          infiniplex_forest_pool, infiniplex_forest_fountain,
          infiniplex_forest_lined_ring, minmay_misc_feat_four_crosses
D:2:      zin_statuary, hangedman_ru_absence, serial_undead, serial_undead_f,
          serial_undead_d, serial_undead_d, serial_undead_f
D:3:      first_bread
D:4:      vehumet_statue, okawaru_trees_1

Table legend:
 A = Turns spent in this place as a percentage of turns spent in the entire game.
 B = Non-inter-level travel turns spent in this place as a percentage of non-inter-level travel turns spent in the entire game.
 C = Inter-level travel turns spent in this place as a percentage of turns spent in this place.
 D = Turns resting spent in this place as a percentage of non-inter-level travel turns spent in this place.
 E = Turns spent auto-exploring this place as a percentage of non-inter-level travel turns spent in this place.
 F = Non-inter-level travel turns spent in this place divided by the number of levels of this place that you've seen.
                   A       B       C       D       E      F
               +-------+-------+-------+-------+-------+----------------------
         Total | 100.0 | 100.0 |   0.4 |   0.3 |   9.9 | 177.2
       Dungeon | 100.0 | 100.0 |   0.4 |   0.3 |   9.9 | 177.2
               +-------+-------+-------+-------+-------+----------------------

Table legend:
 A = Kills in this place as a percentage of kills in entire the game.
 B = Kills by you in this place as a percentage of kills by you in the entire game.
 C = Kills by friends in this place as a percentage of kills by friends in the entire game.
 D = Other kills in this place as a percentage of other kills in the entire game.
 E = Experience gained in this place as a percentage of experience gained in the entire game.
 F = Experience gained in this place divided by the number of levels of this place that you have seen.
                   A       B       C       D       E      F
               +-------+-------+-------+-------+-------+----------------------
         Total | 100.0 | 100.0 |  -nan |  -nan | 100.0 | 106.0
       Dungeon | 100.0 | 100.0 |  -nan |  -nan | 100.0 | 106.0
               +-------+-------+-------+-------+-------+----------------------
